 Dungeon Crawl Stone Soup version 0.30.1-11-g7821555f0a (webtiles) character file.

Game seed: 18330175542267886351

2 Peloso the Covered (level 1, 20/20 HPs)
             Began as a Minotaur Fighter on Jan 3, 2024.
             Got out of the dungeon alive.
             The game lasted 00:00:45 (315 turns).

Peloso the Covered (Minotaur Fighter)                Turns: 315, Time: 00:00:46

Health: 20/20      AC:  8    Str: 20    XL:     1   Next: 33%
Magic:  0/0        EV:  9    Int:  5    God:
Gold:   56         SH:  4    Dex:  9    Spells: 0/0 levels left

rFire   . . .        a - +0 long sword
rCold   + . .        d - +0 buckler
rNeg    . . .        b - +0 scale mail
rPois   .            (helmet restricted)
rElec   .            c - +0 cloak
rCorr   .            (no gloves)
SInv    .            (no boots)
Will    .....        (no amulet) Stlth
                     (no ring)
HPRegen 0.23/turn    (no ring)
MPRegen 0.07/turn

%: no passive effects
@: brilliant
A: horns 2, retaliatory headbutt, cold resistance 1, deterioration 1, no potion
heal 1
a: no special abilities


You escaped.
You visited 1 branch of the dungeon, and saw 1 of its levels.

You collected 56 gold pieces.

Inventory:

Hand Weapons
 a - a +0 long sword (weapon)
Armour
 b - a +0 scale mail (worn)
 c - a +0 cloak (worn)
 d - a +0 buckler (worn)
Jewellery
 g - an amulet of faith
Potions
 h - a potion of might


   Skills:
 + Level 3.7 Fighting
 + Level 2.4 Long Blades
 + Level 3.7 Armour
 + Level 3.7 Shields


You couldn't memorise any spells.
You didn't know any spells.
Your spell library contained the following spells:

 Spells                   Type           Power      Damage    Failure   Level
 Inner Flame              Hex/Fire       0%         N/A       99%         3
 Flame Wave               Conj/Fire      0%         2d4       100%        4
 Sticky Flame             Conj/Fire      0%         2d3       100%        4


Dungeon Overview and Level Annotations

Branches:
Dungeon (1/15)

Altars:


Innate Abilities, Weirdness & Mutations

You have a pair of horns on your head.
You reflexively headbutt those who attack you in melee.
Your flesh is cold resistant. (rC+)
Your body sometimes deteriorates upon taking damage.
Potions are less effective at restoring your health.


Message History

You open the door.
There is an open door here.
g - an amulet of faith
There is an open door here.
You open the door.
There is an open door here.
You drop a potion of might.
You start removing your armour.
You continue taking off your +0 buckler. x4
You finish taking off your +0 buckler.
You drop a +0 buckler.
You see here a +0 cloak.
c - a +0 cloak You see here a +0 buckler.
d - a +0 buckler You see here a potion of might.
h - a potion of might You start putting on your armour.
You continue putting on your +0 cloak. x4
You finish putting on your +0 cloak.
You start putting on your armour.
You continue putting on your +0 buckler. x4
You finish putting on your +0 buckler.
It was a potion of brilliance.
You feel clever all of a sudden.
It was a potion of mutation.
You feel extremely strange.
Your system partially rejects the healing effects of potions.
You feel yourself wasting away.
You feel resistant to cold.
(D) Dungeon
Where to? (? - help)
What level of the Dungeon? (default 1, ? - help)
There is an open door here.
There is an open door here.
There is an open door here.
You open the door.
There is an open door here.
There is a staircase leading out of the dungeon here.
(D) Dungeon
Where to? (Enter - D:1 @ (x,y), ? - help) You're already here!
Are you sure you want to leave the Dungeon?
This will make you lose the game!
You have escaped!

....# #.'#+.'#'.'#'.+#'.#.#.....
.#..######.###.###.###.###.#.....
.#.......#.'#+.+#'.+#'.# ....###
.#.......###.###.###.### .#..#
.######..# #.'#'.+#'.# ... .
.'.......# ###.###.### #. #
.#.#####.# #.'.'.# .#.#.###.#
###.### .#.#.....# #@#
##.#.######## ### #...........
####.######### #.#........
####'#.####### #.............
#........##... #........#


There were no monsters in sight!

Vanquished Creatures
  A goblin (D:1)
  A hobgoblin (D:1)
2 creatures vanquished.

Notes
Turn   | Place    | Note
-------+----------+-------------------------------------------
     0 | D:1      | Peloso the Minotaur Fighter began the quest for the Orb.
     0 | D:1      | Reached XP level 1. HP: 19/19 MP: 0/0
   302 | D:1      | Gained mutation: Potions are less effective at restoring
                  | your health. [potion of mutation]
   302 | D:1      | Gained mutation: Your body sometimes deteriorates upon
                  | taking damage. [potion of mutation]
   302 | D:1      | Gained mutation: Your flesh is cold resistant. (rC+)
                  | [potion of mutation]
   315 | D:$      | Got out of the dungeon alive.

Illustrated notes

Levels and vault maps discovered:
D:1:      erik_arrival_triangle_large, layout_basic, kennysheep_small_spiral

Action                     || total
---------------------------++-------
  Melee: Long sword        ||     4
         Headbutt          ||     1
    Use: Potion            ||     2
 Armour: Scale mail        ||     1
  Dodge: Dodged            ||     1
  Block: Buckler           ||     1
